 Dungeon Crawl Stone Soup version 0.25.1-1-g288607f5aa (webtiles) character file.

Game seed: 256675938093887943

50 lepoulpe303 the Sneak (level 3, -3/16 HPs)
             Began as a Spriggan Enchanter on July 11, 2020.
             Slain by a hobgoblin
             ... wielding a +0 club
              (6 damage)
             ... on level 2 of the Dungeon on July 21, 2020.
             The game lasted 00:08:21 (2443 turns).

lepoulpe303 the Sneak (Spriggan Enchanter)          Turns: 2443, Time: 00:08:22

Health: -3/16      AC:  2    Str:  4    XL:     3   Next: 55%
Magic:  7/9        EV: 18    Int: 17    God:
Gold:   80         SH:  0    Dex: 16    Spells: 3/9 levels left

rFire    x . .     SeeInvis +   a - +1 dagger
rCold    + . .     Gourm    .   (shield restricted)
rNeg     . . .     Faith    .   b - +0 robe
rPois    .         Spirit   .   (helmet restricted)
rElec    .         Reflect  .   (no cloak)
rCorr    .         Harm     .   (gloves unavailable)
MR       .....                  (boots unavailable)
Stlth    +++.......             (no amulet)
HPRegen  0.05/turn              d - ring of ice {rC+, rF-}
MPRegen  0.11/turn              (no ring)

@: very quick
A: very small, unfitting armour, see invisible, herbivore, speed 3, slow
metabolism 2
a: no special abilities


You were on level 2 of the Dungeon.
You were not hungry.

You visited 1 branch of the dungeon, and saw 2 of its levels.

You collected 80 gold pieces.

Inventory:

Hand Weapons
 a - a +1 dagger (weapon)
Armour
 b - a +0 robe (worn)
Jewellery
 d - a ring of ice (left hand) {rC+, rF-}
 Q - an uncursed ring of resist corrosion {unknown}
Potions
 c - a potion of curing {unknown}
Comestibles
 e - 5 rations


   Skills:
 - Level 1.1 Short Blades
 - Level 3.0 Dodging
 + Level 5.0 Stealth
 * Level 3.7 Spellcasting
 * Level 4.5 Hexes


You had 3 spell levels left.
You knew the following spells:

 Your Spells              Type           Power        Failure   Level  Hunger
a - Ensorcelled Hibernat  Hex/Ice        ###...       10%         2    ##.....
c - Confusing Touch       Hex            ###.....     8%          3    ###....
v - Corona                Hex            ###....      2%          1    None

Your spell library contained the following spells:

 Spells                   Type           Power        Failure   Level  Hunger
 Tukima's Dance           Hex            ###.....     8%          3    ###....
 Dazzling Flash           Conj/Hex       ##....       19%         3    ###....


Dungeon Overview and Level Annotations

Branches:
Dungeon (2/15)

Altars:


Innate Abilities, Weirdness & Mutations

You are very small and have problems with some larger weapons.
You are too small for most types of armour.
You have supernaturally acute eyesight. (SInv)
You are a herbivore.
You cover ground extremely quickly.
You need to consume almost no food.


Message History

You hit the hobgoblin but do no damage. The hobgoblin completely misses you.
You hit the hobgoblin. The hobgoblin barely misses you.
You barely miss the hobgoblin. You closely miss the hobgoblin.
The hobgoblin hits you with a +0 club.
* * * LOW HITPOINT WARNING * * *
You take 4 damage, and have 9/16 hp.
MASSIVE DAMAGE!!
You hit the hobgoblin. The hobgoblin barely misses you.
You hit the hobgoblin. The hobgoblin barely misses you.
You hit the hobgoblin but do no damage. The hobgoblin misses you.
You hit the hobgoblin but do no damage. The hobgoblin hits you with a +0 club.
* * * LOW HITPOINT WARNING * * *
You take 6 damage, and have 3/16 hp.
MASSIVE DAMAGE!!
Aim: a hobgoblin, wielding a +0 club (almost dead, chance to defeat MR: 64%)
You feel a surge of power!
The hobgoblin looks drowsy...
You now have 7/9 mp.
The hobgoblin shouts!
The hobgoblin hits you with a +0 club.
You die...

.....................#
.................)...#
....................#
#.......##..#...##
######..###.###.#.###
........# #.###...#
######..# #......#####
#..###[.##......##
#....g@..........##
.$....#..####........(.#
........)>.)#..........#
......g...#............#
........?).##..........#
.####..............)...#
#.....##...)......##
#.....###..........#
####### #..........#


You could see a hobgoblin.

Levels and vault maps discovered:
D:1:      minmay_arrival_five_plusses, layout_basic, minivault_26
D:2:      layout_rooms

Notes
Turn   | Place    | Note
-------+----------+-------------------------------------------
     0 | D:1      | lepoulpe303 the Spriggan Enchanter began the quest for the
                  | Orb.
     0 | D:1      | Reached XP level 1. HP: 9/9 MP: 5/5
    23 | D:1      | Identified a +0 club
   134 | D:1      | Identified a +0 whip
   137 | D:1      | Reached skill level 3 in Spellcasting
   161 | D:1      | Reached XP level 2. HP: 13/13 MP: 7/7
   163 | D:1      | Identified a +0 dagger
   173 | D:1      | Reached skill level 4 in Hexes
   395 | D:1      | Identified a +0 dagger
   903 | D:1      | Learned a level 2 spell: Ensorcelled Hibernation
   909 | D:1      | Identified a +0 dagger
   946 | D:1      | HP: 3/13 [hobgoblin (2)]
  1386 | D:1      | Identified a +0 club
  1389 | D:1      | Identified a +0 dagger
  1393 | D:1      | Identified a cursed +0 short sword
  1460 | D:1      | Reached XP level 3. HP: 8/16 MP: 9/9
  1465 | D:1      | Learned a level 3 spell: Confusing Touch
  1805 | D:2      | Identified a +0 dagger
  1829 | D:1      | HP: 4/16 [jackal (2)]
  1849 | D:1      | HP: 4/16 [bat (1)]
  1874 | D:1      | Identified a ring of ice (You found it on level 1 of the
                  | Dungeon)
  1875 | D:1      | Identified a potion of stabbing
  1883 | D:1      | HP: 3/16 [jackal (1)]
  2177 | D:2      | Reached skill level 5 in Stealth
  2359 | D:2      | Identified a +0 short sword
  2384 | D:2      | Identified a +0 short sword
  2393 | D:2      | Upgraded the game from 0.25.0-45-g978344163c to
                  | 0.25.0-46-gbd7b0854d2
  2393 | D:2      | Upgraded the game from 0.25.0-46-gbd7b0854d2 to
                  | 0.25.1-1-g288607f5aa
  2407 | D:2      | Identified a +0 club
  2409 | D:2      | Identified a +0 club
  2440 | D:2      | HP: 3/16 [hobgoblin/+0 club (6)]
  2443 | D:2      | Slain by a hobgoblin

Table legend:
 A = Turns spent in this place as a percentage of turns spent in the entire game.
 B = Non-inter-level travel turns spent in this place as a percentage of non-inter-level travel turns spent in the entire game.
 C = Inter-level travel turns spent in this place as a percentage of turns spent in this place.
 D = Turns resting spent in this place as a percentage of non-inter-level travel turns spent in this place.
 E = Turns spent auto-exploring this place as a percentage of non-inter-level travel turns spent in this place.
 F = Non-inter-level travel turns spent in this place divided by the number of levels of this place that you've seen.
                   A       B       C       D       E      F
               +-------+-------+-------+-------+-------+----------------------
         Total | 100.0 | 100.0 |   1.9 |  59.9 |  17.4 | 1198.0
       Dungeon | 100.0 | 100.0 |   1.9 |  59.9 |  17.4 | 1198.0
               +-------+-------+-------+-------+-------+----------------------

Table legend:
 A = Kills in this place as a percentage of kills in entire the game.
 B = Kills by you in this place as a percentage of kills by you in the entire game.
 C = Kills by friends in this place as a percentage of kills by friends in the entire game.
 D = Other kills in this place as a percentage of other kills in the entire game.
 E = Experience gained in this place as a percentage of experience gained in the entire game.
 F = Experience gained in this place divided by the number of levels of this place that you have seen.
                   A       B       C       D       E      F
               +-------+-------+-------+-------+-------+----------------------
         Total | 100.0 | 100.0 |   N/A |   N/A | 100.0 |  36.0
       Dungeon | 100.0 | 100.0 |   N/A |   N/A | 100.0 |  36.0
               +-------+-------+-------+-------+-------+----------------------

Skill      XL: |  1  2  3 |
---------------+----------+-----
Spellcasting   | 3 |  3.7
Hexes          | 4 |  4.5
Stealth        | 5 |  5.0
Short Blades   | |  1.1
Dodging        | |  3.0

Action                   || total
-------------------------++-------
Melee: Dagger            ||   224
 Cast: Ensorcelled Hiber ||     1
  Use: Potion            ||     1
 Stab: Sleeping          ||     9
Armor: Robe              ||    33
Dodge: Dodged            ||   219

Vanquished Creatures
  An ooze (D:1)
  2 dart slugs (D:1)
  A leopard gecko (D:2)
  A giant cockroach (D:1)
  6 goblins
  5 hobgoblins
  3 jackals
  10 kobolds
  3 bats (D:1)
  3 frilled lizards
  3 rats
38 creatures vanquished.
